 Dungeon Crawl Stone Soup version 0.31-a0-1074-g0b22e4e0f1 (webtiles) character file.

Game seed: 5123818798436193666

55 ytrimaz the Ruffian (level 3, -2/42 HPs)
             Began as a Draconian Shapeshifter on Dec 5, 2023.
             Slain by a gnoll
             ... wielding a +0 flail
              (8 damage)
             ... on level 2 of the Dungeon.
             The game lasted 00:00:58 (574 turns).

ytrimaz the Ruffian (Draconian Shapeshifter)         Turns: 574, Time: 00:00:58

Health: -2/42      AC: 21    Str: 16    XL:     3   Next: 67%
Magic:  3/3        EV:  2    Int: 10    God:
Gold:   19         SH:  0    Dex: 12    Spells: 2/2 levels left

rFire   . .          .
                       - Unarmed
rCold   . . .        (no shield)
rNeg    . . .        (body armour unavailable)
rPois   +            (helmet currently unavailable)
rElec   .            (cloak currently unavailable)
rCorr   .            (gloves currently unavailable)
SInv    .            (boots currently unavailable)
Will    .....        g - amulet of the acrobat
Stlth   +            (no ring)
HPRegen 0.27/turn    (no ring)
MPRegen 0.08/turn

%: acrobat
@: tree-form
A: stationary, stasis, torment immunity, boosted hp, AC +5, unfitting armour,
(cold-blooded)
a: no special abilities


You were on level 2 of the Dungeon.
You were a tree.
You visited 1 branch of the dungeon, and saw 2 of its levels.

You collected 19 gold pieces.


Innate Abilities, Weirdness & Mutations

You are a tree.
Your roots penetrate the ground, keeping you stationary.
You cannot be teleported.
You are immune to unholy pain and torment.
Your maximum health is greatly increased.
Your equipment is partially melded.
((Your plain brown scales are hard. (AC +5)))
You cannot fit into any form of body armour.
((You are cold-blooded and may be slowed by cold attacks.))


   Skills:
 - Level 1.1 Fighting
 - Level 1.7 Dodging
 + Level 3.9 Unarmed Combat
 + Level 3.8 Shapeshifting


You had 2 spell levels left.
You didn't know any spells.
Your spell library was empty.

Inventory:

Jewellery
 g - an amulet of the acrobat (around neck)
   (You found it on level 1 of the Dungeon)
Talismans
 b - a beast talisman
 c - a flux talisman
Scrolls
 e - 2 scrolls of identify {unknown}
Potions
 d - a potion of magic {unknown}
 f - a potion of curing {unknown}
 h - a potion of berserk rage {unknown}

Dungeon Overview and Level Annotations

Branches:
Dungeon (2/15) Zot: 11428

Altars:

#....#......#
#######.#......#
........+......#
#######)#>....(+
#..............#
##..#....<.....#
.....>...#########.#
#....#.#.#####.....#
.....#......gā™£l#
#.## ###.####### #.
#........ #g....###
.......g....#
....g.......#
............#
............#
......).....#


You could see a gnoll and a frilled lizard.


Message History

A goblin is nearby!
A goblin is nearby!
Found an escape hatch in the floor.
A goblin is nearby!
Found a stone staircase leading up.
A bat comes into view.
The goblin barely misses you.
There are monsters nearby!
You hit the goblin.
You kill the goblin!
Things that are here:
a +0 dagger; a goblin corpse You miss the bat.
The bat closely misses you. The bat misses you.
You hit the bat but do no damage.
You tail-slap the bat, but do no damage.
You punch the bat.
You kill the bat!
Found 5 stones.
Found a stone staircase leading down.
No target in view!
Unknown command.
A gnoll comes into view. It is wielding a +0 club.
The gnoll shouts!
You hear a shout!
A gnoll is nearby!
A gnoll is nearby! 3 gnolls and an endoplasm come into view.
The gnoll shouts! x3; You hear a shout!
The gnoll moves out of view.
A frilled lizard comes into view.
The gnoll closely misses you.
You hit the gnoll but do no damage.
The gnoll hits you with a +0 club. šŸ˜• HP[-1]
You take 1 damage, and now have 22/23 hp.
You punch the gnoll!
Your tail-slap misses the gnoll.
The gnoll hits you with a +0 club. šŸ˜® HP[-5]
You take 5 damage, and now have 17/23 hp.
MASSIVE DAMAGE!! (PAUSE)
The frilled lizard completely misses you.
You closely miss the frilled lizard.
Your tail-slap misses the frilled lizard.
The frilled lizard bites you. The gnoll hits you with a +0 club!
* * * LOW HITPOINT WARNING * * *
šŸ˜Ø HP[-8]
You take 8 damage, and now have 9/23 hp.
MASSIVE DAMAGE!! (PAUSE)
You closely miss the frilled lizard. The frilled lizard misses you.
The gnoll hits you with a +0 club.
* * * LOW HITPOINT WARNING * * *
šŸ˜Ø HP[-3]
You take 3 damage, and now have 6/23 hp.
You hit the gnoll.
You kill the gnoll!
The frilled lizard bites you.
* * * LOW HITPOINT WARNING * * *
You have reached level 3!
Your experience leads to an increase in your attributes!
Increase (S)trength, (I)ntelligence, or (D)exterity?
You feel agile. x2; Your scales feel tougher. šŸ˜± HP[-2] MP[+1]
You now have 28 max hp (+5).
Your mp is fully restored (3).
Your transformation has ended.
You turn into a tree.
Your roots penetrate the ground.
The frilled lizard bites you but does no damage.
The gnoll hits you but does no damage. šŸ˜± HP[+3]
You now have 42 max hp (+14).
You regained 3 hp, and now have 7/42 hp.
Unknown command.
You smack the gnoll!
You kill the gnoll!
The frilled lizard bites you but does no damage.
You hit the gnoll.
The frilled lizard bites you but does no damage.
The gnoll hits you but does no damage.
Unknown command.
You barely miss the gnoll. The frilled lizard barely misses you.
The gnoll hits you but does no damage. šŸ˜± HP[+1] Unknown command.
You smack the gnoll!
You kill the gnoll!
The frilled lizard unfolds its giant frill.
The frilled lizard bites you but does no damage.
You hit the gnoll. The gnoll hits you with a +0 flail.
* * * LOW HITPOINT WARNING * * *
The frilled lizard bites you but does no damage.
Unknown command. šŸ˜± HP[-3]
You take 3 damage, and now have 5/42 hp.
You barely miss the gnoll. The gnoll hits you but does no damage.
You barely miss the gnoll.
The frilled lizard bites you but does no damage.
Unknown command. šŸ˜± HP[+1]
You closely miss the gnoll. The gnoll hits you but does no damage.
The frilled lizard bites you but does no damage.
Unknown command.
You smack the gnoll!
Your punch misses the gnoll. The gnoll hits you with a +0 flail!
You die...

Action                     || total
---------------------------++-------
  Melee: Unarmed           ||    66
         Tailslap          ||     3
         Punch             ||     2
    Use: Potion            ||     1
 Armour: Skin              ||    34
  Dodge: Dodged            ||    39

Levels and vault maps discovered:
D:1:      scummos_arrival_simple_crosswalls, layout_rooms
D:2:      layout_basic

Notes
Turn   | Place    | Note
-------+----------+-------------------------------------------
     0 | D:1      | ytrimaz the Draconian Shapeshifter began the quest for the
                  | Orb.
     0 | D:1      | Reached XP level 1. HP: 16/16 MP: 1/1
     0 | D:1      | magus.rc [v1.9.6]
   162 | D:1      | Reached XP level 2. HP: 23/23 MP: 2/2
   564 | D:2      | HP: 3/23 [frilled lizard (3)]
   565 | D:2      | Reached XP level 3. HP: 4/28 MP: 3/3
   570 | D:2      | HP: 5/42 [gnoll/+0 flail (3)]
   574 | D:2      | Slain by a gnoll

Vanquished Creatures
  3 gnolls (D:2)
  3 endoplasms (D:1)
  2 giant cockroaches (D:1)
  2 goblins
  A hobgoblin (D:1)
  2 quokkas (D:1)
  A ball python (D:1)
  4 bats
  4 kobolds (D:1)
  6 rats (D:1)
28 creatures vanquished.

Table legend:
 A = Non-vault XP
 B = Vault XP
 C = Vault XP percentage of total XP
 D = Non-vault monster count
 E = Vault monster count
 F = Vault count percentage of total count
                 A         B        C        D         E       F
            +---------+---------+-------+---------+---------+-------
      Total |      79 |       0 |   0.0 |      28 |       0 |   0.0
            +---------+---------+-------+---------+---------+-------
        D:1 |      33 |       0 |   0.0 |      23 |       0 |   0.0
        D:2 |      46 |       0 |   0.0 |       5 |       0 |   0.0
            +---------+---------+-------+---------+---------+-------

Action                     || total
---------------------------++-------
  Melee: Unarmed           ||    66
         Tailslap          ||     3
         Punch             ||     2
    Use: Potion            ||     1
 Armour: Skin              ||    34
  Dodge: Dodged            ||    39

Illustrated notes

Table legend:
 A = Kills in this place as a percentage of kills in the entire game.
 B = Kills by you in this place as a percentage of kills by you in the entire game.
 C = Kills by friends in this place as a percentage of kills by friends in the entire game.
 D = Other kills in this place as a percentage of other kills in the entire game.
 E = Experience gained in this place as a percentage of experience gained in the entire game.
 F = Experience gained in this place divided by the number of levels of this place that you have seen.
                   A       B       C       D       E      F
               +-------+-------+-------+-------+-------+----------------------
         Total | 100.0 | 100.0 |   N/A |   N/A | 100.0 |  39.5
       Dungeon | 100.0 | 100.0 |   N/A |   N/A | 100.0 |  39.5
               +-------+-------+-------+-------+-------+----------------------

Table legend: (Time is in decaauts)
 A = Elapsed time spent in this place.
 B = Non-inter-level travel time spent in this place.
 C = Inter-level travel time spent in this place.
 D = Time resting spent in this place.
 E = Time spent auto-exploring this place.
 F = Levels seen in this place.
 G = Mean time per level.
                   A        B        C        D        E       F      G
               +--------+--------+--------+--------+--------+-----+--------+
         Total |    570 |    528 |     42 |      0 |    363 |   2 |  285.0 |
       Dungeon |    570 |    528 |     42 |      0 |    363 |   2 |  285.0 |
               +--------+--------+--------+--------+--------+-----+--------+

Top non-repeatable levels by time:
     D:1: 511 daAuts
     D:2: 59 daAuts
